 Dungeon Crawl Stone Soup version 0.29.1-4-g47bece8355 (webtiles) character file.

Game seed: 7842308252920945169

1031 GorkyZ the Trooper (level 8, -4/49 HPs)
             Began as a Gargoyle Fighter on Dec 3, 2022.
             Was an Initiate of Gozag.
             Killed from afar by Maggie (10 damage)
             ... with a bolt of fire
             ... on level 6 of the Dungeon.
             The game lasted 00:14:00 (5685 turns).

GorkyZ the Trooper (Gargoyle Fighter)               Turns: 5685, Time: 00:14:01

Health: -4/49      AC: 13    Str: 22    XL:     8   Next: 23%
Magic:  8/8        EV: 11    Int:  9    God:    Gozag
Gold:   441        SH:  4    Dex:  9    Spells: 7/7 levels left

rFire   . . .      SeeInvis .   s - +7 flail (protect)
rCold   . . .      Faith    .   c - +0 buckler
rNeg    + . .      Spirit   .   i - +2 leather armour {Will+}
rPois   ∞          Reflect  .   (no helmet)
rElec   +          Harm     .   t - +0 cloak
rCorr   .          Rampage  .   A - +0 pair of gloves
Will    +....                   (no boots)
Stlth   +.........              (no amulet)
HPRegen 0.16/turn               (no ring)
MPRegen 0.11/turn               (no ring)

@: no status effects
A: sickness immunity, AC +5, negative energy resistance 1, electricity
resistance, torment resistance 1, petrification resistance
a: Renounce Religion, Potion Petition, Call Merchant, Bribe Branch


You were on level 6 of the Dungeon.
You worshipped Gozag.
Gozag was aware of your devotion.
You visited 2 branches of the dungeon, and saw 7 of its levels.

You collected 492 gold pieces.
You paid 51 gold pieces to Gozag.

Inventory:

Hand Weapons
 a - a +0 flail
 j - a +0 whip
 s - a +7 flail of protection (weapon)
Armour
 b - a +0 scale mail
 c - a +0 buckler (worn)
 f - a +0 plate armour
 i - a +2 leather armour of willpower (worn)
 t - a +0 cloak (worn)
 A - a +0 pair of gloves (worn)
Jewellery
 e - a ring of flight
 D - a ring of ice
 F - a +4 ring of evasion
Wands
 r - a wand of digging (4)
 E - a wand of charming (7)
Scrolls
 h - 3 scrolls of teleportation
 m - 2 scrolls of identify
 o - a scroll of immolation
 u - 2 scrolls of blinking
 C - a scroll of summoning
Potions
 d - a potion of might
 g - 3 potions of mutation
 k - a potion of cancellation
 l - 2 potions of lignification {unknown}
 n - a potion of ambrosia {unknown}
 p - 2 potions of haste {unknown}
 w - a potion of curing {unknown}
 z - 2 potions of brilliance {unknown}
 B - 2 potions of resistance {unknown}


   Skills:
 + Level 5.1 Fighting
 + Level 3.9 Maces & Flails
 + Level 2.8 Throwing
 + Level 5.0 Armour
 + Level 2.6 Dodging
 + Level 5.0 Shields
 + Level 2.9 Evocations


You had 7 spell levels left.
You didn't know any spells.
Your spell library contained the following spells:

 Spells                   Type           Power      Damage    Failure   Level
 Necrotise                Necr           0%         1d4       52%         1
 Blink                    Tloc           0%         N/A       65%         2
 Lesser Beckoning         Tloc           0%         N/A       87%         3
 Vampiric Draining        Necr           0%         2d6       87%         3
 Agony                    Necr           0%         N/A       100%        5
 Manifold Assault         Tloc           0%         N/A       100%        5


Dungeon Overview and Level Annotations

Branches:
Dungeon (6/15)             Temple (1/1) D:4

Altars:
Ashenzari
Cheibriados
Dithmenos
Fedhas
Gozag
Hepliaklqana
Kikubaaqudgha
Makhleb
Nemelex Xobeh
Okawaru
Ru
Trog
Uskayaw
Wu Jian
Xom
Yredelemnul
Zin

Shops:
D:2 (   D:4 (

Annotations:
D:6 Maggie


Innate Abilities, Weirdness & Mutations

You are immune to sickness and miasma.
Your stone body is resilient. (AC +5)
You are immune to poison.
You resist negative energy. (rN+)
You are resistant to electric shocks. (rElec)
You are resistant to unholy torment.
You are immune to petrification.


Message History

Maggie looks even sicker.
Maggie is lightly wounded.
Maggie mumbles the words to a spell, but in the wrong order.
Maggie points at you and mumbles some strange words.
The bolt of fire hits you!
You throw a poisoned dart. The poisoned dart hits Maggie.
Maggie looks as sick as possible!
Maggie is lightly wounded.
You throw a poisoned dart. The poisoned dart hits Maggie!
Maggie looks as sick as possible!
Maggie is lightly wounded.
Maggie casts a spell.
Maggie attempts to bespell you! You resist with almost no effort.
Nothing quivered!
Maggie casts a spell at you. The bolt of fire hits you!
You are too injured to fight recklessly!
You are too injured to fight recklessly!
Unknown command.
You are too injured to fight recklessly!
Maggie barely misses you.
You sock Maggie!
Your weapon exudes an aura of protection.
Maggie is heavily wounded.
Maggie gestures at you while chanting. The bolt of fire hits you!
* * * LOW HITPOINT WARNING * * *
You closely miss Maggie.
Maggie is heavily wounded.
You block Maggie's attack.
You closely miss Maggie.
Maggie is severely wounded.
Maggie barely misses you.
Maggie gestures wildly while chanting.
Maggie attempts to bespell you! You resist with almost no effort.
It was a potion of cancellation.
You feel magically purged.
Maggie points at you and mumbles some strange words.
The bolt of fire hits you!
You die...
Your body crumbles into a pile of gold.

##..................,,**
#..................,**
##...........##....,,*
##..........#.....,,***
##..............#*,,,** *
#.....).......##**,,,***
#.............# **,,,*,
*#....##..##...# *,,,,,
*#..#####@.#*...# *,,,,,
*#..#* #@.#**..** **,,,,
**#.##* #(.# *,,,* **,,,,,
*,#** *#(.# **,,***,,,,,,
**,** *...# *,,,*,,,,,,,
**,**** *.(.# *,,,,,,,,,,,
*,<,,****...#***,,,,,,,,,,,
*,,*,,,,.....,,**,,,,,,,,,,
*,,***,,,,,,,,,,,,,,,,,,,,,


You could see Maggie (very poisoned).

Vanquished Creatures
  Eustachio (D:4)
  A black bear (D:4)
  An ogre (D:6)
  A centaur (D:4)
  A phantom (D:5)
  A necrophage (D:5)
  2 scorpions (D:4)
  A howler monkey (D:4)
  2 hounds (D:4)
  An orc priest (D:3)
  An iguana (Temple)
  Robin (D:3)
  8 adders
  A white imp (D:4)
  2 ufetubi (D:5)
  4 worms
  2 dart slugs
  18 orcs
  3 endoplasms
  3 giant cockroaches
  9 goblins
  9 hobgoblins
  15 jackals
  5 quokkas
  3 ball pythons
  3 bats
  3 frilled lizards
  12 kobolds
  7 rats
121 creatures vanquished.

Vanquished Creatures (others)
  A plant (D:5)
1 creature vanquished.

Grand Total: 122 creatures vanquished

Notes
Turn   | Place    | Note
-------+----------+-------------------------------------------
     0 | D:1      | GorkyZ the Gargoyle Fighter began the quest for the Orb.
     0 | D:1      | Reached XP level 1. HP: 14/14 MP: 1/1
   248 | D:1      | Reached XP level 2. HP: 15/19 MP: 2/2
   780 | D:1      | Reached XP level 3. HP: 21/23 MP: 3/3
  1287 | D:1      | Found a faded altar of an unknown god.
  1566 | D:2      | Reached skill level 1 in Evocations
  1673 | D:2      | Found Veruk's Weapon Boutique.
  1693 | D:2      | Found a shimmering altar of Xom.
  1895 | D:3      | Noticed Robin
  1904 | D:3      | Reached XP level 4. HP: 28/28 MP: 4/4
  1918 | D:3      | Killed Robin
  2205 | D:3      | Reached skill level 1 in Dodging
  2366 | D:3      | Reached skill level 1 in Throwing
  2402 | D:3      | Reached XP level 5. HP: 32/33 MP: 5/5
  2589 | D:3      | Found an ornate altar of the Wu Jian Council.
  3146 | D:4      | Noticed a black bear
  3147 | D:4      | Found a staircase to the Ecumenical Temple.
  3157 | Temple   | Entered the Ecumenical Temple
  3406 | Temple   | Became a worshipper of Gozag Ym Sagoz the Greedy
  3427 | D:4      | Killed a black bear
  3428 | D:4      | Reached XP level 6. HP: 17/38 MP: 6/6
  3702 | D:4      | Found a snail-covered altar of Cheibriados.
  4132 | D:4      | Reached XP level 7. HP: 42/44 MP: 7/7
  4150 | D:4      | Found Axiotug's Antique Weapon Shop.
  4650 | D:5      | Entered Level 5 of the Dungeon
  4671 | D:5      | Noticed Eustachio
  4980 | D:4      | Killed Eustachio
  4981 | D:4      | Reached skill level 5 in Fighting
  4981 | D:4      | Reached XP level 8. HP: 47/49 MP: 8/8
  5538 | D:6      | Reached skill level 5 in Armour
  5550 | D:6      | Reached skill level 5 in Shields
  5673 | D:6      | Noticed Maggie
  5685 | D:6      | Killed from afar by Maggie

Illustrated notes

Levels and vault maps discovered:
D:1:      dpeg_chamrin_arrival_tetris, layout_basic,
          shapermc_ecumenical_altar_mp_vishouse
D:2:      layout_basic, serial_shops, nicolae_shop_trees, basic_altar
D:3:      layout_loops_ring, nicolae_wu_jian_immortal_techniques,
          kennysheep_big_empty_room, moated_statue, minmay_misc_feat_chi,
          uniq_robin
D:4:      minmay_skewed_foursquare, layout_loops_ring, slow_altar_2,
          minmay_temple_entry_mist, serial_shops, kennysheep_mini_moat,
          corexii_hall_statues_l
D:5:      layout_cave_pools, serial_bayou_ford_a,
          nicolae_kite_square_tiling_tiny, uniq_eustachio
D:6:      layout_layer_cave, mainiacjoe_overflow_big_doors, serial_shops, shop,
          chequers_avenue, uniq_maggie, uniq_pikel
Temple:   nicolae_temple_superstar

Skill      XL: |  1  2  3  4  5  6  7  8 |
---------------+-------------------------+-----
Evocations     | 1 2 |  2.9
Dodging        | 1 2 |  2.6
Throwing       | 1 2 |  2.8
Fighting       | 4 5 |  5.1
Maces & Flails | 3 |  3.9
Armour         | 4 5 |  5.0
Shields        | 4 5 |  5.0

Action                   |  1- 3 |  4- 6 |  7- 9 || total
-------------------------+-------+-------+-------++-------
Melee: Flail             |   140 |   231 |    96 ||   467
Throw: Dart              |       |       |     8 ||     8
  Use: Scroll            |       |       |    13 ||    13
       Potion            |       |       |     1 ||     1
Armor: Scale mail        |    74 |   173 |   111 ||   358
       Leather armour    |       |       |     3 ||     3
Dodge: Dodged            |    62 |   146 |    99 ||   307
Block: Buckler           |    36 |    77 |    38 ||   151
